 Dungeon Crawl Stone Soup version 0.17-a0-1545-gc1bb672 (console) character file.

55 Monkaria the Skirmisher (level 3, -2/36 HPs)
             Began as a Minotaur Berserker on July 18, 2015.
             Was a Believer of Trog.
             Slain by a hobgoblin (3 damage)
             ... led by Robin
             ... on level 2 of the Dungeon.
             The game lasted 00:01:40 (1160 turns).

Monkaria the Skirmisher (Minotaur Berserker)        Turns: 1160, Time: 00:01:40

Health: -2/36      AC:  3    Str: 22    XL:     3   Next: 67%
Magic:  2/2        EV: 12    Int:  4    God:    Trog [**....]
Gold:   56         SH:  0    Dex:  9    Spells: 0 memorised, 2 levels left

rFire  . . .     SeeInvis .     a - +0 spear
rCold  . . .     Clarity  .     b - +0 animal skin
rNeg   . . .     SustAt   .     (no shield)
rPois  .         Gourm    .     (helmet restricted)
rElec  .         Spirit   .     (no cloak)
rCorr  .         Warding  .     m - +0 pair of gloves
rMut   .         Stasis   .     (no boots)
MR     ++...                    (no amulet)
Stlth  +.........               (no ring)
                                (no ring)

@: about to teleport, regenerating, very resistant to hostile enchantments, very
unstealthy
A: retaliatory headbutt, horns 2
a: Burn Spellbooks, Berserk, Trog's Hand, Renounce Religion


You were on level 2 of the Dungeon.
You worshipped Trog.
Trog was pleased with you.
You were not hungry.

You visited 1 branch of the dungeon, and saw 2 of its levels.

You collected 56 gold pieces.

Inventory:

Hand weapons
 a - a +0 spear (weapon)
Missiles
 f - 35 poisoned needles
Armour
 b - a +0 animal skin (worn)
 m - a +0 pair of gloves (worn)
Scrolls
 d - 2 scrolls of identify {unknown}
 h - a scroll of amnesia {unknown}
 i - 2 scrolls of remove curse
Potions
 e - a potion of flight {unknown}
 l - a potion of heal wounds {unknown}
 n - a potion of cure mutation {unknown}
 o - 2 potions of beneficial mutation {unknown}
 p - a potion of degeneration {unknown}
Comestibles
 c - 2 bread rations
 g - a beef jerky


   Skills:
 - Level 5.0 Fighting
 + Level 4.5 Polearms
 - Level 2.4 Armour
 - Level 2.1 Dodging


You had 2 spell levels left.
You didn't know any spells.

Dungeon Overview and Level Annotations

Branches:
Dungeon (2/15)

Altars:

Annotations:
D:2 Robin


Innate Abilities, Weirdness & Mutations

You reflexively headbutt those who attack you in melee.
You have a pair of horns on your head.


Message History

Unknown command.
Read which item? (? for menu, Esc to quit)
As you read the scroll labeled CIRACAREBB, it crumbles to dust.
You feel blessed for a moment.
It was a scroll of remove curse.
The hobgoblin closely misses you. The goblin hits you with a dagger.
* * * LOW HITPOINT WARNING * * *
The goblin hits you but does no damage. The goblin completely misses you.
The goblin hits you but does no damage. The goblin barely misses you.
Read which item? (? for menu, Esc to quit)
As you read the scroll labeled IRULOT IXYEFO, it crumbles to dust.
The scroll dissolves into smoke.
It was a scroll of fog.
The goblin closely misses you. The hobgoblin barely misses you.
The goblin barely misses you. The goblin closely misses you.
Read which item? (? for menu, Esc to quit)
As you read the scroll labeled BEADAZUGEBU, it crumbles to dust.
You feel strangely unstable.
It was a scroll of teleportation.
The goblin hits you but does no damage. The goblin hits you with a club.
* * * LOW HITPOINT WARNING * * *
The hobgoblin hits you.
You die...

..#.....# ..#.....#
..#......#
..#.....###...#......###
..#...........#.........
..#.....#####.##........
..'.........#.##........
..#.....###.#.##w.......
###.....# #.#.##gg§.....
###########(#.##@ggl.?..
...............gggg.....
..........#.#.##g.......
###.#####.#.#.##........
........#.#.#.##........
.##.###.#.#.#.##........
.##.# #.#.#.#.##........
.##.# #.#.#.#'##########
.##.###.#'#............


You could see a worm, Robin, 2 hobgoblins, 6 goblins and a giant newt.

Vanquished Creatures
  An adder (D:2)
  An ooze (D:2)
  2 giant cockroaches (D:1)
  6 hobgoblins
  3 bats
  A giant newt (D:1)
  5 goblins
  9 jackals (D:1)
  4 kobolds (D:1)
  7 rats
39 creatures vanquished.

Notes
Turn   | Place    | Note
--------------------------------------------------------------
     0 | D:1      | Monkaria the Minotaur Berserker began the quest for the Orb.
     0 | D:1      | Reached XP level 1. HP: 19/19 MP: 0/0
   107 | D:1      | Reached skill level 4 in Fighting
   139 | D:1      | Reached XP level 2. HP: 19/28 MP: 1/1
   737 | D:1      | Reached skill level 5 in Fighting
   780 | D:1      | Acquired Trog's second power
   963 | D:1      | Reached XP level 3. HP: 34/36 MP: 2/2
  1148 | D:2      | Noticed Robin
  1160 | D:2      | HP: 1/36 [goblin/club[Robin] (4)]
  1160 | D:2      | Slain by a hobgoblin

Vault maps used:
D:1:      lightli_iron_boxes
D:2:      first_bread, st_stairs_10, uniq_natasha, uniq_robin

Action                   || total
-------------------------++-------
Melee: Spear             ||   107
Invok: Trog's Hand       ||     1
  Use: Scroll            ||     3
 Stab: Distracted        ||     1
       Sleeping          ||     2
  Eat: Chunk             ||     1
